 Dungeon Crawl Stone Soup version 0.28-a0-1117-g0bdd5ba030 (webtiles) character file.

Game seed: 17747060674270940107

34 ducksouse the Vexing (level 3, 0/27 HPs)
             Began as a Formicid Arcane Marksman on Dec 11, 2021.
             Slain by Natasha (7 damage)
             ... on level 2 of the Dungeon.
             The game lasted 00:05:45 (1685 turns).

ducksouse the Vexing (Formicid Arcane Marksman)     Turns: 1685, Time: 00:05:46

Health: 0/27       AC:  2    Str: 14    XL:     3   Next: 50%
Magic:  5/5        EV: 12    Int: 12    God:
Gold:   46         SH:  0    Dex: 13    Spells: 1/5 levels left

rFire   . . .      SeeInvis +   a - +0 hunting sling
rCold   + . .      Faith    .   (no shield)
rNeg    . . .      Spirit   .   d - +0 robe
rPois   .          Reflect  .   (helmet unavailable)
rElec   .          Harm     .   (no cloak)
rCorr   .          Rampage  .   (no gloves)
Will    .....                   (no boots)
Stlth   +.........              (no amulet)
HPRegen 0.09/turn               g - ring of protection from cold
MPRegen 0.09/turn               (no ring)

@: no status effects
A: permanent stasis, dig shafts and tunnels, antennae 3, four strong arms
a: Dig, Shaft Self


You were on level 2 of the Dungeon.
You visited 1 branch of the dungeon, and saw 2 of its levels.

You collected 46 gold pieces.

Inventory:

Hand Weapons
 a - a +0 hunting sling (weapon)
Missiles
 c - 9 sling bullets (quivered ammo)
 j - 20 stones
Armour
 d - a +0 robe (worn)
 h - a +0 helmet
Jewellery
 g - a ring of protection from cold (left hand)
Scrolls
 b - a scroll of enchant armour {unknown}
 e - a scroll of vulnerability {unknown}
 k - a scroll of identify {unknown}
 m - a scroll of enchant weapon {unknown}
Potions
 f - a potion of flight {unknown}
 i - a potion of cancellation {unknown}
 l - a potion of resistance {unknown}


   Skills:
 + Level 1.8 Fighting
 + Level 2.6 Slings
 + Level 2.1 Dodging
 + Level 1.7 Spellcasting
 + Level 4.0 Hexes


You had one spell level left.
You knew the following spells:

 Your Spells              Type           Power      Damage    Failure   Level
a - Slow                  Hex            40%        N/A       5%          1
b - Inner Flame           Hex/Fire       5%         N/A       36%         3

Your spell library contained the following spells:

 Spells                   Type           Power      Damage    Failure   Level
 Portal Projectile        Hex/Tloc       10%        N/A       36%         3
 Cause Fear               Hex            5%         N/A       47%         4
 Lesser Beckoning         Tloc           1%         N/A       63%         3
 Manifold Assault         Tloc           1%         N/A       100%        5
 Blink                    Tloc           Unusable   N/A       N/A         2

Dungeon Overview and Level Annotations

Branches:
Dungeon (2/15)

Altars:

Annotations:
D:2 Natasha


Innate Abilities, Weirdness & Mutations

You cannot be hasted, slowed, berserked, paralysed or teleported.
You can dig through walls and to a lower floor.
You have a pair of large antennae on your head. (SInv)
Your four strong arms can wield two-handed weapons with a shield.


Message History

You see here a bat corpse.
l - a silvery potion
j - 20 stones (gained 5);
c - 14 sling bullets (gained 2)
You see here a +0 dagger.
Found a club and a scroll labelled RUPNIR VISSAUH.
A frilled lizard comes into view.
The frilled lizard hisses angrily.
You shoot a sling bullet.
The sling bullet hits the frilled lizard.
You kill the frilled lizard!
An endoplasm comes into view.
The endoplasm quivers.
You see here a +0 club.
You shoot a sling bullet. The sling bullet hits the endoplasm.
The endoplasm is heavily wounded.
You shoot a sling bullet. The sling bullet hits the endoplasm!
You kill the endoplasm!
c - 12 sling bullets (gained 1)
c - 13 sling bullets (gained 1)
You see here a +0 club.
Found a leather armour.
Found an escape hatch in the ceiling.
m - a scroll labelled RUPNIR VISSAUH Natasha, Servant of Life and Death comes into view.
Natasha hisses angrily.
Natasha stares at you and mumbles some strange words.
The magic dart hits you!
You shoot a sling bullet.
The sling bullet hits Natasha but does no damage.
You shoot a sling bullet. The sling bullet barely misses Natasha.
Natasha claws you. x2
You shoot a sling bullet.
The sling bullet closely misses Natasha.
Natasha mumbles some strange words.
You shoot a sling bullet. The sling bullet misses Natasha.
Natasha stares at you and mumbles some strange words.
The magic dart hits you!
* * * LOW HITPOINT WARNING * * *
Natasha claws you!
You die...

### ..# ##.## <..# ##
#[.# ....###..###.###
......(.@.......
###+###h.#.#.#.#
#......5.#......
#........#...#.# #
{#........##..#.# .#
{#######..##..#.#..#
............#.#..##.
##.########.##..........
..........)..........##


You could see an iron imp (summoned) and Natasha.

Vanquished Creatures
  A ball python (D:1)
  3 endoplasms
  2 giant cockroaches
  2 goblins
  A hobgoblin (D:1)
  3 jackals (D:1)
  3 quokkas (D:1)
  4 bats
  7 frilled lizards
  3 kobolds
  2 rats (D:1)
31 creatures vanquished.

Notes
Turn   | Place    | Note
-------+----------+-------------------------------------------
     0 | D:1      | ducksouse the Formicid Arcane Marksman began the quest for
                  | the Orb.
     0 | D:1      | Reached XP level 1. HP: 15/15 MP: 2/2
   105 | D:1      | Reached XP level 2. HP: 21/21 MP: 3/3
   651 | D:1      | Reached XP level 3. HP: 26/26 MP: 5/5
  1470 | D:1      | Learned a level 3 spell: Inner Flame
  1613 | D:2      | Reached skill level 4 in Hexes
  1679 | D:2      | Noticed Natasha
  1685 | D:2      | Slain by Natasha

Illustrated notes

Levels and vault maps discovered:
D:1:      grunt_arrival_lava_bath, layout_basic
D:2:      layout_basic, nicolae_ecumenical_lake_church, basic_altar,
          uniq_natasha

Skill      XL: |  1  2  3 |
---------------+----------+-----
Dodging        | 2 |  2.1
Hexes          | 4 |  4.0
Fighting       | |  1.8
Slings         | |  2.6
Spellcasting   | |  1.7

Action                   || total
-------------------------++-------
 Fire: Hunting sling     ||    75
Armor: Robe              ||     8
Dodge: Dodged            ||    17

Table legend: (Time is in decaauts)
 A = Elapsed time spent in this place.
 B = Non-inter-level travel time spent in this place.
 C = Inter-level travel time spent in this place.
 D = Time resting spent in this place.
 E = Time spent auto-exploring this place.
 F = Levels seen in this place.
 G = Mean time per level.
                   A        B        C        D        E       F      G
               +--------+--------+--------+--------+--------+-----+--------+
         Total |   1690 |   1503 |    187 |      0 |    678 |   2 |  845.0 |
       Dungeon |   1690 |   1503 |    187 |      0 |    678 |   2 |  845.0 |
               +--------+--------+--------+--------+--------+-----+--------+

Top non-repeatable levels by time:
     D:1: 1478 daAuts
     D:2: 211 daAuts
